 Dungeon Crawl Stone Soup version 0.24-a0-278-gefa197325e (webtiles) character file.

Game seed: 4246447365018417632

228 GordonOverkill the Magician (level 5, -11/38 HPs)
             Began as a Mummy Fire Elementalist on Apr 29, 2019.
             Killed from afar by an orc wizard (18 damage)
             ... with a puff of flame
             ... on level 4 of the Dungeon.
             The game lasted 00:10:31 (5153 turns).

GordonOverkill the Magician (MuFE)                  Turns: 5153, Time: 00:10:31

Health: -11/38     AC:  3    Str: 12    XL:     5   Next: 70%
Magic:  8/11       EV: 12    Int: 15    God:
Gold:   182        SH:  0    Dex: 12    Spells: 2/12 levels left

rFire    x . .     SeeInvis .   e - +2 short sword (venom)
rCold    + . .     Gourm    .   (no shield)
rNeg     + + +     Faith    .   a - +1 robe
rPois    ∞         Spirit   .   (no helmet)
rElec    .         Reflect  .   (no cloak)
rCorr    .         Harm     .   (no gloves)
MR       .....                  (no boots)
Stlth    ++........             (no amulet)
HPRegen  0.12/turn              (no ring)
MPRegen  0.12/turn              (no ring)

@: no status effects
A: no food or potions, fire vulnerability, cold resistance 1, negative energy
resistance 3, torment resistance, unbreathing
a: no special abilities


You were on level 4 of the Dungeon.
You were not hungry.

You visited 1 branch of the dungeon, and saw 4 of its levels.

You collected 182 gold pieces.

Inventory:

Hand Weapons
 e - a +2 short sword of venom (weapon)
 i - a +0 hunting sling
 m - the +5 shortbow of Deomoige {freeze, rF+ Int+2 Dex+7}
   (You took it off a goblin on level 3 of the Dungeon)

   It causes projectiles fired from it to freeze those they strike, causing
   extra injury to most foes and up to half again as much damage against
   particularly susceptible opponents.
   They can also slow down cold-blooded creatures.
   It affects your intelligence (+2).
   It affects your dexterity (+7).
   It protects you from fire.
Missiles
 b - 88 stones (quivered)
 k - 8 sling bullets
Armour
 a - a +1 robe (worn)
Scrolls
 c - a scroll of enchant weapon
 d - a scroll of magic mapping {unknown}
 f - 2 scrolls of teleportation
 g - a scroll of enchant armour
 h - a scroll of noise {unknown}
 j - 3 scrolls of remove curse
 l - a scroll of blinking {unknown}


   Skills:
 - Level 2.0 Fighting
 - Level 2.0 Dodging
 - Level 2.0 Stealth
 + Level 4.3 Spellcasting
 + Level 2.2 Conjurations
 + Level 3.3 Fire Magic


You had 2 spell levels left.
You knew the following spells:

 Your Spells              Type           Power        Failure   Level  Hunger
a - Flame Tongue          Conj/Fire      ##...        5%          1    N/A
b - Throw Flame           Conj/Fire      ##....       9%          2    N/A
c - Conjure Flame         Conj/Fire      ##......     17%         3    N/A
d - Sticky Flame          Conj/Fire      ##......     50%         4    N/A

Your spell library contained the following spells:

 Spells                   Type           Power        Failure   Level  Hunger
 Inner Flame              Hex/Fire       #.......     26%         3    N/A
 Fireball                 Conj/Fire      ##........   83%         5    N/A

Dungeon Overview and Level Annotations

Branches:
Dungeon (4/15)
 Temple: D:4-7

Altars:


Innate Abilities, Weirdness & Mutations

You do not eat or drink.
Your flesh is vulnerable to fire.
You are immune to poison.
Your flesh is cold resistant. (rC+)
You are immune to negative energy. (rN+++)
You are immune to unholy pain and torment.
You can survive without breathing.


Message History

Aiming: Flame Tongue (safe; 6% risk of failure)
Press: ? - help, Shift-Dir - straight line, f/p - orc priest
Aim: an orc priest, wielding a +0 mace (almost dead, poisoned)
The flame tongue misses the orc priest.
You kill the orc priest!
Something hits you.
* * * LOW HITPOINT WARNING * * *
Something hits you.
* * * LOW HITPOINT WARNING * * *
Casting: Flame Tongue (safe; 5% risk of failure)
Confirm with . or Enter, or press ? or * to list all spells.
Okay, then.
You miss something.
You hear some strange, mumbled words.
A puff of frost appears from out of thin air!
The puff of frost misses you.
You hear some strange, mumbled words.
A puff of flame appears from out of thin air!
The puff of flame hits you!! The fire burns you terribly!
You die...

#.o..# ##...{# ##
#....o###.##....
#...#...........
#..###..#####.#
#####.# #..##....#
....... #........##..
.....(.####...........
..#+#.@#((...........
.. #...o).........##
#....###........#
..(....# #......##
#.......# #......#
#....#..# #....##..
#...##..# ##.<..# .
..... #... ##........
..... .... ####.....


You could see an orc.

Vanquished Creatures
  2 orc priests
  5 adders
  2 oozes (D:1)
  A worm (D:3)
  3 dart slugs
  3 leopard geckos
  14 orcs (D:3)
  A giant cockroach (D:3)
  7 goblins
  6 hobgoblins
  3 jackals (D:3)
  2 quokkas (D:2)
  A ball python (D:3)
  15 bats
  7 frilled lizards
  A giant cockroach zombie (D:3)
  A jackal skeleton (D:3)
  12 kobolds
  7 rats
93 creatures vanquished.

Notes
Turn   | Place    | Note
-------+----------+-------------------------------------------
     0 | D:1      | GordonOverkill the Mummy Fire Elementalist began the quest
                  | for the Orb.
     0 | D:1      | Reached XP level 1. HP: 13/13 MP: 4/4
   759 | D:1      | Reached XP level 2. HP: 20/20 MP: 2/5
   794 | D:1      | Learned a level 2 spell: Throw Flame
   839 | D:1      | Reached skill level 1 in Conjurations
  1186 | D:1      | Reached skill level 3 in Spellcasting
  1256 | D:1      | Reached XP level 3. HP: 24/25 MP: 1/7
  2166 | D:2      | Reached skill level 1 in Fighting
  2813 | D:2      | Reached XP level 4. HP: 17/32 MP: 0/9
  3870 | D:2      | Reached XP level 5. HP: 21/38 MP: 6/10
  4064 | D:3      | Learned a level 3 spell: Conjure Flame
  4069 | D:3      | Learned a level 4 spell: Sticky Flame
  4689 | D:3      | Identified the +5 shortbow of Deomoige {freeze, rF+ Int+2
                  | Dex+7}
  4698 | D:3      | Reached skill level 4 in Spellcasting
  5153 | D:4      | Killed from afar by an orc wizard

Levels and vault maps discovered:
D:1:      dpeg_arrival_signposts, layout_loops_ring, minmay_split_cup_small
D:2:      minmay_recursive_quarters, layout_basic
D:3:      minmay_octagon_keep, layout_basic, minmay_misc_feat_four_crosses,
          minivault_23, minmay_ruptured
D:4:      layout_cave_pools, grunt_temple_overflow_gold_and_silver,
          kennysheep_mini_moat, first_ration, uniq_menkaure

Skill      XL: |  1  2  3  4  5 |
---------------+----------------+-----
Conjurations   | 1 2 |  2.2
Spellcasting   | 3 4 |  4.3
Stealth        | 2 |  2.0
Fighting       | 1 2 |  2.0
Dodging        | 2 |  2.0
Fire Magic     | 3 |  3.3

Action                   |  1- 3 |  4- 6 || total
-------------------------+-------+-------++-------
Melee: Short sword       |     6 |    47 ||    53
 Fire: Hunting sling     |    20 |     1 ||    21
Throw: Stone             |    25 |       ||    25
 Cast: Flame Tongue      |    66 |    45 ||   111
       Throw Flame       |     3 |    29 ||    32
  Use: Scroll            |     5 |       ||     5
Armor: Robe              |     8 |    13 ||    21
Dodge: Dodged            |    41 |    49 ||    90

Table legend:
 A = Non-vault XP
 B = Vault XP
 C = Vault XP percentage of total XP
 D = Non-vault monster count
 E = Vault monster count
 F = Vault count percentage of total count
                 A         B        C        D         E       F
            +---------+---------+-------+---------+---------+-------
      Total |     274 |      52 |  16.0 |      71 |      22 |  23.7
            +---------+---------+-------+---------+---------+-------
        D:1 |      32 |       9 |  22.0 |      17 |       3 |  15.0
        D:2 |      40 |       9 |  18.4 |      16 |       6 |  27.3
        D:3 |     145 |      34 |  19.0 |      36 |      13 |  26.5
        D:4 |      57 |       0 |   0.0 |       2 |       0 |   0.0
            +---------+---------+-------+---------+---------+-------
